APP
PULASKI YANKEES @ BURLINGTON ROYALS
05/11/2047
 
TOP OF THE 1ST
Pulaski Yankees batting - Pitching for Burlington Royals : LHP Ben Mills
Pitching: LHP Ben Mills
Batting: RHB Jonathan Iniguez 0-0: Ball
1-0: Foul Ball, location: 2F
1-1: Ball
2-1: SINGLE (Groundball, 6MD, EV 95.6 MPH)
Batting: LHB Jared Zulkowski 0-0: Ball
1-0: Called Strike
1-1: Ball
2-1: Ball
3-1: Base on Balls
Jonathan Iniguez to second
Batting: RHB Jesus Ruiz 0-0: Ball
Jonathan Iniguez steals 3rd base
1-0: Foul Ball, location: 2F
1-1: SINGLE (Groundball, 56S, EV 68.8 MPH) (infield hit)
Jonathan Iniguez scores
Jared Zulkowski to second
Batting: LHB Justin Short 0-0: Ball
1-0: Ball
2-0: Called Strike
2-1: Ball
3-1: Base on Balls
Jared Zulkowski to third
Jesus Ruiz to second
Batting: RHB Yasuoka Tsuda 0-0: Swinging Strike
0-1: Ball
1-1: Called Strike
1-2: GRAND SLAM HOME RUN (Flyball, 78XD, EV 111.2 MPH), Distance : 414 ft
Batting: LHB Carlos Palau 0-0: Called Strike
0-1: Ball
1-1: Ground out 6-3 (Groundball, 6, EV 81.2 MPH)
Batting: LHB Troy Jones 0-0: Ball
1-0: Ball
2-0: Foul Ball, location: 2F
2-1: Ground out U3 (Groundball, 34, EV 86.2 MPH)
Batting: RHB Edwin Sierra 0-0: Called Strike
0-1: Called Strike
0-2: Foul Ball, location: 2F
0-2: Ball
1-2: Foul Ball, location: 2F
1-2: Ground out 1-3 (Groundball, 34S, EV 73.1 MPH)
Top of the 1st over - 5 runs, 3 hits, 0 errors, 0 left on base; Pulaski 5 - Burlington 0
BOTTOM OF THE 1ST
Burlington Royals batting - Pitching for Pulaski Yankees : LHP Sergio Huerta
Pitching: LHP Sergio Huerta
Batting: RHB Mike Bearden 0-0: Ball
1-0: Swinging Strike
1-1: Called Strike
1-2: Ball
2-2: Foul Ball, location: 2F
2-2: Fly out, F8 (Flyball, 8RD, EV 95.0 MPH)
Batting: LHB Pablo Serrato 0-0: Called Strike
0-1: Called Strike
0-2: Ball
1-2: Ball
2-2: Ball
3-2: Strikes out swinging
Batting: RHB Jonas Fernandez 0-0: Foul Ball, location: 2F
0-1: Called Strike
0-2: Foul Ball, location: 2F
0-2: Ball
1-2: Foul Ball, location: 2F
1-2: Fly out, F4 (Popup, 4, EV 78.8 MPH)
Bottom of the 1st over - 0 runs, 0 hits, 0 errors, 0 left on base; Pulaski 5 - Burlington 0
TOP OF THE 2ND
Pulaski Yankees batting - Pitching for Burlington Royals : LHP Ben Mills
Batting: RHB Victor Garcia 0-0: Foul Ball, location: 2F
0-1: Swinging Strike
0-2: Ball
1-2: Strikes out swinging
Batting: RHB Jonathan Iniguez 0-0: Ground out 6-3 (Groundball, 6, EV 104.4 MPH)
Batting: LHB Jared Zulkowski 0-0: Foul Ball, location: 2F
0-1: Foul Ball, location: 2F
0-2: Ball
1-2: Fly out, F8 (Flyball, 8RD, EV 81.9 MPH)
Top of the 2nd over - 0 runs, 0 hits, 0 errors, 0 left on base; Pulaski 5 - Burlington 0
BOTTOM OF THE 2ND
Burlington Royals batting - Pitching for Pulaski Yankees : LHP Sergio Huerta
Batting: RHB Ian Hornsby 0-0: Ground out 6-3 (Groundball, 6S, EV 83.8 MPH)
Batting: RHB Rob Colley 0-0: Ball
1-0: Called Strike
1-1: Ball
2-1: Ball
3-1: Base on Balls
Batting: RHB Junro Kato 0-0: Ball
1-0: Called Strike
1-1: Foul Ball, location: 2F
1-2: Strikes out swinging
Batting: RHB Jason Conner 0-0: Ball
1-0: Ball
2-0: Called Strike
2-1: Called Strike
2-2: Reached on error, E6 (Groundball, 6, EV 90.0 MPH)
Rob Colley to second
Batting: RHB Bobby Leon 0-0: Called Strike
0-1: Ball
1-1: Ball
2-1: Foul Ball, location: 2F
2-2: Foul Ball, location: 2F
2-2: Strikes out swinging
Bottom of the 2nd over - 0 runs, 0 hits, 1 error, 2 left on base; Pulaski 5 - Burlington 0
TOP OF THE 3RD
Pulaski Yankees batting - Pitching for Burlington Royals : LHP Ben Mills
Batting: RHB Jesus Ruiz 0-0: Called Strike
0-1: SINGLE (Line Drive, 9S, EV 90.6 MPH)
Batting: LHB Justin Short 0-0: Called Strike
0-1: Ball
1-1: Ball
2-1: Ball
3-1: Swinging Strike
3-2: Base on Balls
Jesus Ruiz to second
Pitching: RHP Victor Maravilla
Batting: RHB Yasuoka Tsuda 0-0: Ball
1-0: Ball
2-0: Ball
3-0: Base on Balls
Jesus Ruiz to third
Justin Short to second
Batting: LHB Carlos Palau 0-0: Ball
1-0: Ground out 4-3 (Groundball, 34D, EV 108.1 MPH)
Jesus Ruiz scores
Justin Short to third
Yasuoka Tsuda to second
Batting: LHB Troy Jones 0-0: Foul Ball, location: 2F
0-1: Swinging Strike
0-2: Ground out U3 (Groundball, 34, EV 85.6 MPH)
Justin Short scores
Yasuoka Tsuda to third
Batting: RHB Edwin Sierra 0-0: Called Strike
0-1: Foul Ball, location: 2F
0-2: Foul Ball, location: 2F
0-2: Ball
1-2: Ball
2-2: Ground out 6-3 (Groundball, 6M, EV 90.6 MPH)
Top of the 3rd over - 2 runs, 1 hit, 0 errors, 1 left on base; Pulaski 7 - Burlington 0
BOTTOM OF THE 3RD
Burlington Royals batting - Pitching for Pulaski Yankees : LHP Sergio Huerta
Batting: RHB Carlos Castillo 0-0: Ball
1-0: Ball
2-0: Ball
3-0: Called Strike
3-1: Swinging Strike
3-2: Strikes out swinging
Batting: RHB Mike Bearden 0-0: Ball
1-0: Called Strike
1-1: Fly out, F7 (Flyball, 7D, EV 100.0 MPH)
Batting: LHB Pablo Serrato 0-0: Swinging Strike
0-1: Called Strike
0-2: Foul Ball, location: 2F
0-2: Strikes out swinging
Bottom of the 3rd over - 0 runs, 0 hits, 0 errors, 0 left on base; Pulaski 7 - Burlington 0
TOP OF THE 4TH
Pulaski Yankees batting - Pitching for Burlington Royals : RHP Victor Maravilla
Batting: RHB Victor Garcia 0-0: Swinging Strike
0-1: Foul Ball, location: 2F
0-2: SINGLE (Groundball, 34D, EV 108.8 MPH)
Batting: RHB Jonathan Iniguez 0-0: Fly out, F8 (Flyball, 89M, EV 92.5 MPH)
Batting: LHB Jared Zulkowski 0-0: Foul Ball, location: 2F
0-1: Swinging Strike
0-2: Fielders Choice at 2nd, 1-6 (Groundball, 34S, EV 65.0 MPH)
Batting: RHB Jesus Ruiz 0-0: SINGLE (Groundball, 4MD, EV 96.9 MPH)
Jared Zulkowski to second
Batting: LHB Justin Short 0-0: Ball
Wild Pitch!
Jared Zulkowski to third
Jesus Ruiz to second
1-0: Ball
2-0: 3-RUN HOME RUN (Line Drive, 9D, EV 94.4 MPH), Distance : 371 ft
Batting: RHB Yasuoka Tsuda 0-0: Called Strike
0-1: Hit by Pitch
Batting: LHB Carlos Palau 0-0: Ball
1-0: Foul Ball, location: 2F
1-1: Foul Ball, location: 2F
1-2: Strikes out looking
Top of the 4th over - 3 runs, 3 hits, 0 errors, 1 left on base; Pulaski 10 - Burlington 0
BOTTOM OF THE 4TH
Burlington Royals batting - Pitching for Pulaski Yankees : LHP Sergio Huerta
Batting: RHB Jonas Fernandez 0-0: Ball
1-0: Called Strike
1-1: Called Strike
1-2: Foul Ball, location: 2F
1-2: Strikes out swinging
Batting: RHB Ian Hornsby 0-0: Ground out 6-3 (Groundball, 6, EV 77.5 MPH)
Batting: RHB Rob Colley 0-0: Hit by Pitch
Batting: RHB Junro Kato 0-0: Ball
1-0: Ground out 6-3 (Groundball, 6S, EV 73.8 MPH)
Bottom of the 4th over - 0 runs, 0 hits, 0 errors, 1 left on base; Pulaski 10 - Burlington 0
TOP OF THE 5TH
Pulaski Yankees batting - Pitching for Burlington Royals : RHP Victor Maravilla
Batting: LHB Troy Jones 0-0: DOUBLE (Groundball, 3D, EV 105.6 MPH)
Batting: RHB Edwin Sierra 0-0: Ball
1-0: Ball
2-0: Ball
3-0: Base on Balls
Batting: RHB Victor Garcia 0-0: Ball
1-0: 3-RUN HOME RUN (Line Drive, 9D, EV 100.6 MPH), Distance : 384 ft
Pitching: LHP Bin Ya
Batting: RHB Jonathan Iniguez 0-0: Ball
1-0: Foul Ball, location: 2F
1-1: Ball
2-1: Called Strike
2-2: Foul Ball, location: 2F
2-2: DOUBLE (Line Drive, 3D, EV 96.2 MPH)
Batting: LHB Jared Zulkowski 0-0: Hit by Pitch
Batting: RHB Jesus Ruiz 0-0: Foul Ball, location: 2F
0-1: Swinging Strike
0-2: Foul Ball, location: 2F
0-2: Ball
1-2: Fly out, F9 (Flyball, 89D, EV 86.2 MPH)
Runner from 2nd tags up, SAFE at 3rd, no throw by RF
Batting: LHB Justin Short 0-0: Ball
1-0: Ball
2-0: Grounds into double play, 4-6-3 (Groundball, 4, EV 85.6 MPH)
Top of the 5th over - 3 runs, 3 hits, 0 errors, 1 left on base; Pulaski 13 - Burlington 0
BOTTOM OF THE 5TH
Burlington Royals batting - Pitching for Pulaski Yankees : LHP Sergio Huerta
Batting: RHB Jason Conner 0-0: Swinging Strike
0-1: Ball
1-1: Foul Ball, location: 2F
1-2: Ball
2-2: Strikes out swinging
Batting: RHB Bobby Leon 0-0: Ground out 6-3 (Groundball, 6D, EV 99.4 MPH)
Batting: RHB Carlos Castillo 0-0: Ball
1-0: Foul Ball, location: 2F
1-1: Ball
2-1: Ball
3-1: Called Strike
3-2: Strikes out swinging
Bottom of the 5th over - 0 runs, 0 hits, 0 errors, 0 left on base; Pulaski 13 - Burlington 0
TOP OF THE 6TH
Pulaski Yankees batting - Pitching for Burlington Royals : LHP Bin Ya
Batting: RHB Yasuoka Tsuda 0-0: Ball
1-0: Ball
2-0: Called Strike
2-1: Foul Ball, location: 2F
2-2: Ball
3-2: Strikes out swinging
Batting: LHB Carlos Palau 0-0: Ball
1-0: SINGLE (Groundball, 5L, EV 88.8 MPH) (infield hit)
Batting: LHB Troy Jones 0-0: Fielders Choice at 2nd, 4-6 (Groundball, 34, EV 83.8 MPH)
Batting: RHB Edwin Sierra 0-0: Foul Ball, location: 2F
0-1: Ball
1-1: Called Strike
1-2: Ball
2-2: Strikes out looking
Top of the 6th over - 0 runs, 1 hit, 0 errors, 1 left on base; Pulaski 13 - Burlington 0
BOTTOM OF THE 6TH
Burlington Royals batting - Pitching for Pulaski Yankees : LHP Sergio Huerta
Batting: RHB Mike Bearden 0-0: Foul Ball, location: 2F
0-1: Ball
1-1: Foul Ball, location: 2F
1-2: Strikes out swinging
Batting: LHB Pablo Serrato 0-0: Called Strike
0-1: Ball
1-1: Foul Ball, location: 2F
1-2: Ball
2-2: Ball
3-2: Foul Ball, location: 2F
3-2: Fly out, F9 (Flyball, 9D, EV 83.1 MPH)
Batting: RHB Jonas Fernandez 0-0: Ball
1-0: Called Strike
1-1: Ball
2-1: Foul Ball, location: 2F
2-2: Strikes out swinging
Bottom of the 6th over - 0 runs, 0 hits, 0 errors, 0 left on base; Pulaski 13 - Burlington 0
TOP OF THE 7TH
Pulaski Yankees batting - Pitching for Burlington Royals : LHP Bin Ya
Batting: RHB Victor Garcia 0-0: SINGLE (Flyball, 8RS, EV 86.2 MPH)
Batting: RHB Jonathan Iniguez 0-0: Called Strike
0-1: Ball
1-1: Ball
2-1: Fly out, F3 (Popup, 23F, EV 85.6 MPH)
Batting: LHB Jared Zulkowski 0-0: Ball
1-0: Swinging Strike
1-1: Called Strike
1-2: Foul Ball, location: 2F
1-2: Ball
2-2: Ball
3-2: Base on Balls
Victor Garcia to second
Pitching: RHP Jerry Yusko
Batting: RHB Jesus Ruiz 0-0: Ball
1-0: Called Strike
1-1: Ball
Passed Ball!
Victor Garcia to third
Jared Zulkowski to second
2-1: Ball
3-1: Called Strike
3-2: SINGLE (Line Drive, 34, EV 102.5 MPH)
Victor Garcia scores
Jared Zulkowski to third
Batting: LHB Justin Short 0-0: Called Strike
0-1: Foul Ball, location: 2F
0-2: Strikes out swinging
Batting: RHB Yasuoka Tsuda 0-0: Called Strike
0-1: Ball
1-1: Ball
2-1: DOUBLE (Flyball, 7D, EV 102.5 MPH)
Jared Zulkowski scores
Jesus Ruiz to third
Runner from 3rd tries for Home, SAFE, throw by LF to home
Batting: LHB Carlos Palau 0-0: SINGLE (Groundball, 4M, EV 103.1 MPH)
Yasuoka Tsuda to third
Throwing error, E8
Yasuoka Tsuda scores
Carlos Palau to second
Batting: LHB Troy Jones 0-0: Ball
Wild Pitch!
Carlos Palau to third
1-0: Reached on error, E3 (Groundball, 34D, EV 84.4 MPH)
Carlos Palau scores
Batting: RHB Edwin Sierra 0-0: Fly out, F9 (Flyball, 9, EV 83.8 MPH)
Top of the 7th over - 5 runs, 4 hits, 2 errors, 1 left on base; Pulaski 18 - Burlington 0
BOTTOM OF THE 7TH
Burlington Royals batting - Pitching for Pulaski Yankees : LHP Sergio Huerta
Batting: RHB Ian Hornsby 0-0: Ball
1-0: Called Strike
1-1: Foul Ball, location: 2F
1-2: Foul Ball, location: 2F
1-2: Foul Ball, location: 2F
1-2: Strikes out swinging
Batting: RHB Rob Colley 0-0: Ball
1-0: Ball
2-0: Ball
3-0: Base on Balls
Batting: RHB Junro Kato 0-0: Called Strike
0-1: Ball
1-1: Ball
2-1: Called Strike
2-2: Strikes out swinging
Batting: RHB Jason Conner 0-0: Called Strike
0-1: Ball
1-1: Foul Ball, location: 2F
1-2: Ball
2-2: Ball
3-2: Strikes out swinging
Bottom of the 7th over - 0 runs, 0 hits, 0 errors, 1 left on base; Pulaski 18 - Burlington 0
TOP OF THE 8TH
Pulaski Yankees batting - Pitching for Burlington Royals : RHP Jerry Yusko
Batting: RHB Victor Garcia 0-0: Foul Ball, location: 2F
0-1: Foul Ball, location: 2F
0-2: Ball
1-2: Foul Ball, location: 2F
1-2: Foul Ball, location: 2F
1-2: Ball
2-2: Foul Ball, location: 2F
2-2: Foul Ball, location: 2F
2-2: Foul Ball, location: 2F
2-2: Strikes out looking
Batting: RHB Jonathan Iniguez 0-0: Foul Ball, location: 2F
0-1: Foul Ball, location: 2F
0-2: Ball
1-2: Ball
2-2: Foul Ball, location: 2F
2-2: Foul Ball, location: 2F
2-2: Foul Ball, location: 2F
2-2: Foul Ball, location: 2F
2-2: Strikes out swinging
Batting: LHB Jared Zulkowski 0-0: Ball
1-0: Ball
2-0: Foul Ball, location: 2F
2-1: Called Strike
2-2: Ball
3-2: Fly out, F8 (Flyball, 8RD, EV 98.8 MPH)
Top of the 8th over - 0 runs, 0 hits, 0 errors, 0 left on base; Pulaski 18 - Burlington 0
BOTTOM OF THE 8TH
Burlington Royals batting - Pitching for Pulaski Yankees : LHP Sergio Huerta
Pitching: LHP Matt Cusatis
Batting: RHB Bobby Leon 0-0: Ball
1-0: Called Strike
1-1: Ball
2-1: Foul Ball, location: 2F
2-2: Foul Ball, location: 2F
2-2: SINGLE (Flyball, 9S, EV 86.9 MPH)
Batting: RHB Carlos Castillo 0-0: Foul Ball, location: 2F
0-1: Foul Ball, location: 2F
0-2: Strikes out looking
Batting: RHB Mike Bearden 0-0: Swinging Strike
0-1: Ball
1-1: Fielders Choice at 2nd, 6-4 (Groundball, 6, EV 105.6 MPH)
Batting: LHB Pablo Serrato 0-0: Ball
1-0: Called Strike
1-1: Fly out, F8 (Flyball, 78D, EV 101.2 MPH)
Bottom of the 8th over - 0 runs, 1 hit, 0 errors, 1 left on base; Pulaski 18 - Burlington 0
TOP OF THE 9TH
Pulaski Yankees batting - Pitching for Burlington Royals : RHP Jerry Yusko
Batting: RHB Jesus Ruiz 0-0: Called Strike
0-1: Called Strike
0-2: Strikes out swinging
Batting: LHB Justin Short 0-0: Foul Ball, location: 2F
0-1: Ball
1-1: Foul Ball, location: 2F
1-2: Fly out, F9 (Flyball, 9, EV 93.8 MPH)
Batting: RHB Yasuoka Tsuda 0-0: Called Strike
0-1: Ball
1-1: Swinging Strike
1-2: Ball
2-2: Ball
3-2: Fly out, F8 (Flyball, 8RM, EV 80.0 MPH)
Top of the 9th over - 0 runs, 0 hits, 0 errors, 0 left on base; Pulaski 18 - Burlington 0
BOTTOM OF THE 9TH
Burlington Royals batting - Pitching for Pulaski Yankees : LHP Matt Cusatis
Batting: RHB Jonas Fernandez 0-0: Ground out 4-3 (Groundball, 4, EV 105.0 MPH)
Batting: RHB Ian Hornsby 0-0: Ground out 6-3 (Groundball, 6S, EV 72.5 MPH)
Batting: RHB Rob Colley 0-0: Ball
1-0: SINGLE (Groundball, 34D, EV 98.1 MPH)
Batting: RHB Junro Kato 0-0: Fielders Choice at 2nd, 6-4 (Groundball, 6, EV 104.4 MPH)
Bottom of the 9th over - 0 runs, 1 hit, 0 errors, 1 left on base; Pulaski 18 - Burlington 0
Thursday, December 15th , 2022 - OOTP Baseball 23.9 Build 102